 Dungeon Crawl Stone Soup version 0.29-a0-418-gc0181ea820 (webtiles) character file.

Game seed: 10016414244520617547

9473 quokkamancerX the Bludgeoner (level 11, -1/104 HPs)
             Began as a Minotaur Berserker on May 17, 2022.
             Was a High Priest of Trog.
             Killed from afar by an electric eel (9 damage)
             ... with a bolt of electricity
             ... on level 10 of the Dungeon on May 18, 2022.
             The game lasted 00:54:27 (11198 turns).

quokkamancerX the Bludgeoner (Minotaur Berserker)  Turns: 11198, Time: 00:54:28

Health: -1/104     AC: 20    Str: 21    XL:     11   Next: 23%
Magic:  10/10      EV: 10    Int:  8    God:    Trog [*****.]
Gold:   331        SH:  0    Dex: 11    Spells: 10/10 levels left

rFire   . . .      SeeInvis .   G - +4 dire flail (vorpal)
rCold   . . .      Faith    +   (shield currently unavailable)
rNeg    . . .      Spirit   .   g - +1 chain mail
rPois   +          Reflect  .   B - +2 hat
rElec   .          Harm     .   y - +2 cloak of the Ward {rPois}
rCorr   .          Rampage  .   (no gloves)
Will    .....                   x - +2 pair of boots
Stlth   ..........              j - amulet of faith
HPRegen 0.27/turn               (no ring)
MPRegen 0.12/turn               (no ring)

@: on berserk cooldown, slowed, very slow
A: horns 2, retaliatory headbutt
a: Renounce Religion, Berserk, Trog's Hand, Brothers in Arms


You were on level 10 of the Dungeon.
You worshipped Trog.
Trog was extremely pleased with you.
You visited 1 branch of the dungeon, and saw 10 of its levels.

You collected 421 gold pieces.
You spent 90 gold pieces at shops.

Inventory:

Hand Weapons
 C - a +0 flail
 G - a +4 vorpal dire flail (weapon)
Missiles
 f - 3 boomerangs (quivered)
 i - a throwing net
 m - 2 curare-tipped darts
 u - 11 poisoned darts
 F - 2 silver javelins
Armour
 g - a +1 chain mail (worn)
 x - a +2 pair of boots (worn)
 y - the +2 cloak of the Ward (worn) {rPois}
   (You found it on level 8 of the Dungeon)

   rPois:     It protects you from poison.
 B - a +2 hat (worn)
Jewellery
 j - an amulet of faith (around neck)
Wands
 a - a wand of digging (1)
 l - a wand of iceblast (5)
 p - a wand of polymorph (20)
 s - a wand of paralysis (14)
Scrolls
 d - 3 scrolls of fog
 e - 2 scrolls of immolation
 k - 5 scrolls of teleportation
 o - a scroll of brand weapon
 r - 2 scrolls of magic mapping
 t - a scroll of summoning {unknown}
 v - a scroll of poison {unknown}
 A - a scroll of fear {unknown}
 E - a scroll of amnesia {unknown}
Potions
 b - 7 potions of curing
 c - 4 potions of flight
 h - a potion of heal wounds
 n - 3 potions of lignification
 q - a potion of attraction
 w - 4 potions of mutation
 z - a potion of resistance
 D - a potion of might


   Skills:
 + Level 11.6 Fighting
 + Level 15.3 Maces & Flails
 - Level 8.0 Armour
 - Level 6.0 Dodging


You had 10 spell levels left.
You didn't know any spells.
Your spell library was empty.

Dungeon Overview and Level Annotations

Branches:
Dungeon (10/15)            Temple (0/1) D:7             Orc (0/2) D:10
   Lair: D:8-11

Altars:
Okawaru
Zin


Innate Abilities, Weirdness & Mutations

You have a pair of horns on your head.
You reflexively headbutt those who attack you in melee.


Message History

The orc warrior barely misses you. You furiously retaliate!
You headbutt the orc warrior!
The two-headed ogre attacks as you move away!
The two-headed ogre hits you but does no damage.
The two-headed ogre hits you with a +0 giant club!
* * * LOW HITPOINT WARNING * * *
The electric eel shoots out a bolt of lightning at you!
The bolt of electricity hits you!
* * * LOW HITPOINT WARNING * * *
Items here: ( )) ? [[ †.
The orc priest shouts!
The two-headed ogre closely misses you. x2
The two-headed ogre attacks as you move away!
The two-headed ogre hits you with a +0 giant club!!
* * * LOW HITPOINT WARNING * * *
The two-headed ogre hits you with a +0 giant club!
* * * LOW HITPOINT WARNING * * *
You feel the effects of Trog's Hand fading.
The orc warrior attacks as you move away!
The orc warrior hits you but does no damage.
As you read the scroll of teleportation, it crumbles to dust.
You feel strangely unstable.
The orc priest looks satisfied for a moment.
The two-headed ogre barely misses you. The two-headed ogre closely misses you.
The orc attacks as you move away! The orc hits you but does no damage.
The two-headed ogre attacks as you move away!
The two-headed ogre closely misses you. The two-headed ogre misses you.
Your skin stops crawling.
You feel less strong-willed.
The orc warrior attacks as you move away!
The orc warrior hits you but does no damage.
Your surroundings suddenly seem different.
The electric eel shoots out a bolt of lightning at you!
The bolt of electricity hits you.
* * * LOW HITPOINT WARNING * * *
The electric eel shoots out a bolt of lightning at you!
The bolt of electricity hits you.
* * * LOW HITPOINT WARNING * * *
The electric eel shoots out a bolt of lightning at you!
The bolt of electricity hits you!
You die...

########....###.# #....
##....##<.# #.... #.......#
##.....##÷.###.### #.......#
#...∩............. #.......#
##.......#.#####... #.......#
####...[[[............
##.......###......#_#..#...##....
..............)..##⌠##...>.##.#.#
##.......###....@.###..#.#....#.#
...................).).#.####.#.#
.........###........<#.#.####.#.#
##.####≈≈≈≈≈≈≈≈≈.≈≈≈≈≈.≈.≈≈≈≈.#.#
#.# #≈≈≈≈≈≈≈≈≈..≈≈≈≈.≈.≈≈≈.....
#†# #≈≈≈≈≈≈≈≈≈≈.≈≈≈≈.≈.≈≈≈..#.#
#†# #≈≈≈≈≈≈≈≈S≈..≈≈≈.≈.≈≈≈..#.#
##)####≈≈≈≈S≈≈≈≈≈≈.≈≈≈.≈.≈≈≈..#..
.g†..##≈≈≈≈≈≈≈≈≈≈≈.≈≈≈.≈.≈≈≈≈≈###


You could see 2 electric eels.

Vanquished Creatures
  Harold (D:10)
  Erica (D:8)
  A two-headed ogre (D:10)
  Joseph (D:8)
  Maggie (D:8)
  Prince Ribbit (D:5)
  Sigmund (D:3)
  A vampire (D:9)
  A wraith (D:10)
  2 wyverns (D:10)
  14 yaks
  A basilisk (D:10)
  2 steam dragons
  Grum (D:10)
  Menkaure (D:5)
  A warg (D:10)
  2 water moccasins
  A black bear (D:5)
  4 orc warriors
  2 ice beasts
  2 centaurs
  2 wolves (D:10)
  A phantom (D:6)
  2 necrophages
  3 kobold brigands
  A scorpion (D:7)
  2 bullfrogs
  6 howler monkeys
  An electric eel (D:10)
  A jelly (D:3)
  4 hounds
  5 orc priests
  2 gnoll shamans
  An iguana (D:4)
  Ijyb (D:3)
  Terence (D:2)
  Natasha (thrice) (D:3)
  17 orc wizards
  A hound zombie (D:3)
  3 hound skeletons (D:3)
  Robin (D:3)
  6 adders
  11 gnolls
  3 shadow imps
  2 white imps
  An adder zombie (D:3)
  2 dart slugs
  47 orcs
  2 endoplasms (D:3)
  A giant cockroach (D:2)
  8 goblins
  10 hobgoblins
  3 jackals (D:4)
  4 quokkas
  9 ball pythons
  A ball python skeleton (D:3)
  2 bats
  15 frilled lizards
  20 kobolds
  6 rats
253 creatures vanquished.

Vanquished Creatures (others)
  4 bushes (D:10)
  6 fungi (D:10)
  27 plants
  21 withered plants (D:3)
58 creatures vanquished.

Grand Total: 311 creatures vanquished

Notes
Turn   | Place    | Note
-------+----------+-------------------------------------------
     0 | D:1      | quokkamancerX the Minotaur Berserker began the quest for
                  | the Orb.
     0 | D:1      | Reached XP level 1. HP: 19/19 MP: 0/0
   343 | D:1      | Reached skill level 4 in Maces & Flails
   427 | D:1      | Reached XP level 2. HP: 24/26 MP: 1/1
   884 | D:2      | Noticed Terence
   896 | D:2      | Killed Terence
   897 | D:2      | Reached XP level 3. HP: 30/31 MP: 2/2
  1402 | D:2      | Reached ** piety under Trog
  1403 | D:2      | Reached XP level 4. HP: 39/39 MP: 3/3
  1708 | D:3      | Noticed Ijyb
  1712 | D:3      | Killed Ijyb
  1713 | D:3      | Reached skill level 5 in Maces & Flails
  1868 | D:3      | Reached XP level 5. HP: 27/45 MP: 4/4
  2429 | D:3      | Noticed Sigmund
  2434 | D:3      | Killed Sigmund
  2435 | D:3      | Reached skill level 6 in Maces & Flails
  2435 | D:3      | Reached skill level 5 in Dodging
  2435 | D:3      | Reached XP level 6. HP: 51/51 MP: 5/5
  2482 | D:3      | Found the +4 dagger "Morg" {pain, Will+ Int+5}
  2483 | D:3      | Noticed Natasha
  2499 | D:3      | Killed Natasha
  2590 | D:3      | Noticed Natasha
  2594 | D:3      | Killed Natasha
  2606 | D:3      | Noticed Natasha
  2614 | D:3      | Killed Natasha
  2702 | D:3      | Noticed Robin
  2706 | D:3      | Reached skill level 7 in Maces & Flails
  2711 | D:3      | Killed Robin
  2989 | D:4      | Reached *** piety under Trog
  3074 | D:4      | Found an iron altar of Okawaru.
  3175 | D:4      | Reached XP level 7. HP: 54/57 MP: 6/6
  3847 | D:5      | Entered Level 5 of the Dungeon
  4110 | D:5      | Reached skill level 8 in Maces & Flails
  4366 | D:5      | Noticed Prince Ribbit
  4374 | D:5      | Killed Prince Ribbit
  4375 | D:5      | Reached skill level 5 in Armour
  4375 | D:5      | Reached XP level 8. HP: 64/64 MP: 7/7
  4516 | D:5      | Reached **** piety under Trog
  4710 | D:5      | Reached skill level 9 in Maces & Flails
  4891 | D:5      | Reached skill level 10 in Maces & Flails
  4902 | D:5      | Reached skill level 11 in Maces & Flails
  4902 | D:5      | Reached XP level 9. HP: 27/70 MP: 8/8
  5130 | D:5      | Noticed Menkaure
  5138 | D:5      | Killed Menkaure
  5749 | D:6      | Reached skill level 5 in Fighting
  6246 | D:7      | Reached ***** piety under Trog
  6361 | D:7      | Reached skill level 12 in Maces & Flails
  7081 | D:7      | Found a staircase to the Ecumenical Temple.
  7716 | D:8      | Identified the +2 cloak of the Ward {rPois}
  7861 | D:8      | Noticed Erica
  7869 | D:8      | Killed Erica
  7870 | D:8      | Reached skill level 13 in Maces & Flails
  7870 | D:8      | Reached XP level 10. HP: 88/88 MP: 9/9
  8175 | D:8      | Noticed Maggie
  8187 | D:8      | Killed Maggie
  8340 | D:8      | Noticed Joseph
  8353 | D:8      | Killed Joseph
  9503 | D:10     | Entered Level 10 of the Dungeon
  9506 | D:10     | Found Zin's Purification Station.
  9510 | D:10     | Found a glowing silver altar of Zin.
  9655 | D:10     | Reached skill level 14 in Maces & Flails
  9792 | D:10     | Received a gift from Trog
  9849 | D:10     | Reached skill level 10 in Fighting
  9920 | D:10     | Bought a potion of curing for 90 gold pieces
  9986 | D:10     | Noticed Grum
 10105 | D:10     | Killed Grum
 10142 | D:10     | Noticed a two-headed ogre
 10224 | D:10     | Killed a two-headed ogre
 10225 | D:10     | Reached XP level 11. HP: 102/102 MP: 10/10
 10320 | D:10     | Reached skill level 15 in Maces & Flails
 11163 | D:10     | Noticed Harold
 11172 | D:10     | Noticed a two-headed ogre
 11175 | D:10     | Killed Harold
 11176 | D:10     | Identified the ring of Ceso {rC+ rN++ Str+6}
 11177 | D:10     | Found a staircase to the Orcish Mines.
 11198 | D:10     | Killed from afar by an electric eel

Illustrated notes

Levels and vault maps discovered:
D:1:      ncdulo_smallfort, layout_basic
D:2:      layout_loops_ring, minmay_lizard_pond, uniq_terence
D:3:      layout_basic, chequers_big_river, dilly_guarded_unrand_morg,
          uniq_ijyb, uniq_robin, uniq_sigmund
D:4:      layout_layer_cave, lemuel_round_altar, grunt_ministairs_10,
          minmay_lizard_king
D:5:      minmay_skewed_foursquare, layout_loops_ring, uniq_menkaure,
          uniq_prince_ribbit1
D:6:      layout_loops_ring
D:7:      layout_loops_corners, minmay_temple_entry_proselytizer
D:8:      layout_gridville, uniq_joseph, uniq_erica, uniq_maggie
D:9:      layout_roguey, chequers_serial_rivers_micro_b, lightli_corner_chamber
D:10:     layout_basic, zin_purify, minmay_lair_entry_grove, david_orc_3,
          uniq_amaemon, uniq_harold, uniq_grum

Skill      XL: |  1  2  3  4  5  6  7  8  9 10 11 |
---------------+----------------------------------+-----
Maces & Flails | 4 5 6 7 8 11 13 14 15 | 15.3
Dodging        | 3 4 5 6 |  6.0
Armour         | 5 8 |  8.0
Fighting       | 8 11 | 11.6

Action                   |  1- 3 |  4- 6 |  7- 9 | 10-12 || total
-------------------------+-------+-------+-------+-------++-------
Melee: Mace              |    49 |     6 |       |       ||    55
       Headbutt          |     6 |    13 |    37 |    44 ||   100
       Club              |       |    64 |   227 |       ||   291
       Punch             |       |     1 |     2 |     4 ||     7
       Flail             |       |       |    13 |   143 ||   156
       Dire flail        |       |       |       |    85 ||    85
Throw: Boomerang         |     9 |     3 |     2 |     8 ||    22
Invok: Berserk           |     3 |     6 |    10 |    10 ||    29
       Trog's Hand       |       |       |     1 |     2 ||     3
       Brothers in Arms  |       |       |       |     1 ||     1
Evoke: Wand              |       |       |       |     1 ||     1
  Use: Scroll            |       |     3 |    10 |     5 ||    18
       Potion            |       |       |     1 |     1 ||     2
 Stab: Distracted        |       |     1 |       |       ||     1
Armor: Animal skin       |     2 |       |       |       ||     2
       Chain mail        |    13 |    29 |    98 |   133 ||   273
Dodge: Dodged            |    30 |    28 |    81 |    92 ||   231

Table legend: (Time is in decaauts)
 A = Elapsed time spent in this place.
 B = Non-inter-level travel time spent in this place.
 C = Inter-level travel time spent in this place.
 D = Time resting spent in this place.
 E = Time spent auto-exploring this place.
 F = Levels seen in this place.
 G = Mean time per level.
                   A        B        C        D        E       F      G
               +--------+--------+--------+--------+--------+-----+--------+
         Total |  11385 |  10789 |    596 |   3057 |   2430 |  10 | 1138.5 |
       Dungeon |  11385 |  10789 |    596 |   3057 |   2430 |  10 | 1138.5 |
               +--------+--------+--------+--------+--------+-----+--------+

Top non-repeatable levels by time:
     D:9: 1572 daAuts
     D:5: 1478 daAuts
     D:7: 1424 daAuts
     D:3: 1364 daAuts
     D:8: 1030 daAuts
     D:4: 1014 daAuts
     D:1: 1006 daAuts
    D:10: 942 daAuts
     D:6: 808 daAuts
     D:2: 743 daAuts
